 Dungeon Crawl Stone Soup version 0.29.1-15-g9cfb28693d (webtiles) character file.

Game seed: 16110299287679855817

1 oogabooga the Firebug (level 1, 0/14 HPs)
             Began as a Hill Orc Fire Elementalist on Sept 26, 2023.
             Slain by a rat (3 damage)
             ... on level 1 of the Dungeon.
             The game lasted 00:00:50 (112 turns).

oogabooga the Firebug (Hill Orc Fire Elementalist)   Turns: 112, Time: 00:00:51

Health: 0/14       AC:  2    Str: 10    XL:     1   Next: 20%
Magic:  3/3        EV: 12    Int: 15    God:
Gold:   5          SH:  0    Dex: 11    Spells: 2/3 levels left

rFire   . . .      SeeInvis .   (no weapon)
rCold   . . .      Faith    .   (no shield)
rNeg    . . .      Spirit   .   a - +0 robe
rPois   .          Reflect  .   (no helmet)
rElec   .          Harm     .   (no cloak)
rCorr   .          Rampage  .   (no gloves)
Will    .....                   (no boots)
Stlth   ++........              (no amulet)
HPRegen 0.04/turn               (no ring)
MPRegen 0.08/turn               (no ring)

@: no status effects
A: no striking features
a: no special abilities


You were on level 1 of the Dungeon.
You visited 1 branch of the dungeon, and saw 1 of its levels.

You collected 5 gold pieces.

Inventory:

Armour
 a - a +0 robe (worn)
Scrolls
 c - 3 scrolls of identify {unknown}
Potions
 b - a potion of magic


   Skills:
 + Level 1.5 Dodging
 + Level 1.5 Stealth
 + Level 1.5 Spellcasting
 + Level 1.0 Conjurations
 + Level 3.4 Fire Magic


You had 2 spell levels left.
You knew the following spells:

 Your Spells              Type           Power      Damage    Failure   Level
a - Foxfire               Conj/Fire      28%        2x1d5     10%         1

Your spell library contained the following spells:

 Spells                   Type           Power      Damage    Failure   Level
 Scorch                   Fire           22%        2d6       9%          2
 Conjure Flame            Conj/Fire      7%         6-21      28%         3
 Inner Flame              Hex/Fire       6%         N/A       34%         3
 Flame Wave               Conj/Fire      7%         2d5       67%         4


Dungeon Overview and Level Annotations

Branches:
Dungeon (1/15)

Altars:


Message History

The jackal is moderately wounded.
The jackal barely misses you. x2
You hit the jackal.
The jackal is heavily wounded.
The jackal barely misses you.
You barely miss the jackal.
The jackal is heavily wounded.
The jackal bites you but does no damage.
The goblin barely misses you.
You hit the jackal.
The jackal is severely wounded.
The jackal bites you. x2
A rat comes into view.
The goblin misses you.
You closely miss the jackal.
The jackal is severely wounded.
The jackal barely misses you. The goblin hits you with a +0 club.
You closely miss the jackal.
The jackal is severely wounded.
The jackal closely misses you. The goblin hits you but does no damage.
The jackal bites you but does no damage.
You miss the jackal.
The jackal is severely wounded.
The jackal barely misses you. The goblin hits you with a +0 club.
* * * LOW HITPOINT WARNING * * *
You closely miss the jackal.
The jackal is severely wounded.
The jackal bites you.
* * * LOW HITPOINT WARNING * * *
The goblin misses you.
You hit the jackal.
You kill the jackal!
The goblin hits you but does no damage. The goblin barely misses you.
You see here a jackal corpse.
The goblin attacks as you move away! The goblin barely misses you.
The rat bites you but does no damage. The rat attacks as you move away!
The rat bites you but does no damage. The rat attacks as you move away!
The rat bites you.
You die...

...........##.##
................
..............#
..............###.#
....?.............#
..............#
.....(.......# ##.
#####....r....###...
....(...†g@.......## .#
......._............ ..
...............).### .#
.................... ..
........####.....####.###
.######## #............
#.....####.# #..........#
########..### #


You could see a goblin and a rat.

Vanquished Creatures
  A jackal (D:1)
  4 toadstools (D:1)
5 creatures vanquished.

Notes
Turn   | Place    | Note
-------+----------+-------------------------------------------
     0 | D:1      | oogabooga the Hill Orc Fire Elementalist began the quest
                  | for the Orb.
     0 | D:1      | Reached XP level 1. HP: 14/14 MP: 3/3
    73 | D:1      | Found a faded altar of an unknown god.
   112 | D:1      | Slain by a rat

Illustrated notes

Levels and vault maps discovered:
D:1:      ldierk_water_garden, layout_basic,
          ebering_ecumenical_altar_sacrificial, minmay_misc_feat_pillars,
          minmay_pentomino_z2

Action                   || total
-------------------------++-------
Melee: Unarmed           ||    29
       Punch             ||     1
Armor: Robe              ||     9
Dodge: Dodged            ||    22
